 Seeded DCSS version 0.29-a0-422-gafbd6decc1 (webtiles) character file.

Game seed: 3455970914219774044 (custom seed)

4543 bwicke the Tainter (level 10, 0/65 HPs)
             Began as an Octopode Venom Mage on May 18, 2022.
             Was a Follower of Sif Muna.
             Slain by an orc knight
             ... wielding a +0 war axe
              (8 damage)
             ... in a bailey on May 19, 2022.
             The game lasted 01:03:56 (10885 turns).

bwicke the Tainter (Octopode Venom Mage)           Turns: 10885, Time: 01:03:57

Health: 0/65       AC:  1    Str:  8    XL:     10   Next: 40%
Magic:  0/18       EV: 13    Int: 24    God:    Sif Muna [*.....]
Gold:   320        SH:  0    Dex: 12    Spells: 1/20 levels left

rFire   . . .      SeeInvis .   E - +0 dagger of the Inferno {spect, Int+2}
rCold   . . .      Faith    .   (no shield)
rNeg    . . .      Spirit   +   (helmet restricted)
rPois   .          Reflect  .   y - amulet of guardian spirit
rElec   .          Harm     .   q - ring of wizardry
rCorr   .          Rampage  .   t - ring of wizardry
Will    .....                   (no ring)
Stlth   +++++.....              (no ring)
HPRegen 0.20/turn               (no ring)
MPRegen 0.16/turn               (no ring)
                                (no ring)
                                (no ring)

@: no status effects
A: almost no armour, amphibious, 8 rings, camouflage 1, gelatinous body 1,
(nimble swimmer 1), tentacles
a: Renounce Religion, Channel Magic


You were in a bailey.
You worshipped Sif Muna.
Sif Muna was aware of your devotion.
You visited 2 branches of the dungeon, and saw 10 of its levels.
You also visited: Bailey.

You collected 320 gold pieces.

Inventory:

Hand Weapons
 c - a +0 spear
 j - a +0 war axe
 k - a +1 dagger of venom
 l - a +2 quarterstaff of chaos
 r - a +0 hunting sling of freezing
 u - a +0 long sword
 D - a +3 mace
 E - the +0 dagger of the Inferno (weapon) {spect, Int+2}
   (You found it on level 9 of the Dungeon)

   When its wielder attacks, the weapon's spirit leaps out and strikes again.
   The spirit shares a part of any damage it takes with its wielder.
   Int:       It affects your intelligence (+2).
 I - a +1 short sword of venom
Missiles
 x - 3 javelins
 z - 6 silver boomerangs
 A - 2 atropa-tipped darts
Jewellery
 q - a ring of wizardry (left tentacle)
 t - a ring of wizardry (right tentacle)
 y - an amulet of guardian spirit (around mantle)
Wands
 d - a wand of digging (6)
 w - a wand of flame (27)
 F - a wand of iceblast (24)
Scrolls
 f - a scroll of poison
 g - 3 scrolls of teleportation
 h - 2 scrolls of brand weapon
 n - a scroll of blinking
 o - 2 scrolls of vulnerability
 B - 2 scrolls of amnesia
 G - 3 scrolls of enchant weapon
 H - a scroll of enchant armour
Potions
 b - a potion of degeneration {unknown}
 e - 2 potions of curing
 i - a potion of mutation {unknown}
 m - 2 potions of heal wounds
 p - 2 potions of cancellation {unknown}
 s - a potion of might {unknown}
 v - a potion of brilliance {unknown}
 C - 2 potions of haste {unknown}


   Skills:
 - Level 4.5 Fighting
 - Level 2.0 Dodging
 - Level 10.0 Stealth
 - Level 5.8 Spellcasting
 - Level 1.0 Transmutations
 - Level 2.0 Air Magic
 - Level 10.0 Poison Magic
 + Level 7.8 Invocations


You had one spell level left.
You knew the following spells:

 Your Spells              Type           Power      Damage    Failure   Level
a - Sting                 Tmut/Pois      100%       1d8       1%          1
b - Mephitic Cloud        Conj/Pois/Air  26%        N/A       1%          3
c - Ignite Poison         Fire/Tmut/Pois 24%        N/A       1%          3
d - Olgreb's Toxic Radia  Pois           53%        N/A       1%          4
e - Spider Form           Tmut/Pois      33%        N/A       1%          3
f - Ozocubu's Armour      Ice            7%         N/A       7%          3
g - Poisonous Vapours     Pois/Air       72%        N/A       1%          2

Your spell library contained the following spells:

 Spells                   Type           Power      Damage    Failure   Level
 Beastly Appendage        Tmut           22%        N/A       1%          1
 Wereblood                Tmut           11%        N/A       2%          2
 Call Canine Familiar     Summ           7%         N/A       7%          3
 Conjure Flame            Conj/Fire      7%         6-21      7%          3
 Dazzling Flash           Conj/Hex       14%        N/A       7%          3
 Portal Projectile        Hex/Tloc       14%        N/A       7%          3
 Leda's Liquefaction      Hex/Erth       3%         N/A       21%         4
 Sticky Flame             Conj/Fire      7%         2d3       21%         4
 Silence                  Hex/Air        5%         N/A       36%         5
 Agony                    Necr           7%         N/A       47%         5
 Ozocubu's Refrigeration  Ice            3%         4d5       100%        7


Dungeon Overview and Level Annotations

Branches:
Dungeon (9/15)             Temple (1/1) D:7             Orc (0/2) D:9
 Bailey (1/1)
   Lair: D:8-11

Altars:
Ashenzari
Cheibriados
Dithmenos
Elyvilon
Fedhas
Gozag
Hepliaklqana
Kikubaaqudgha
Nemelex Xobeh
Okawaru
Qazlal
Ru
Sif Muna
Trog
Uskayaw
Vehumet
Wu Jian
Yredelemnul
Zin
The Shining One

Shops:
D:3 =   D:4 [   D:7 *   D:9 [

Annotations:
D:7 3 runed translucent doors, jlumianski's ghost, novice DsFi


Innate Abilities, Weirdness & Mutations

You cannot wear most types of armour.
You are amphibious.
You can wear up to eight rings at the same time.
Your skin changes colour to match your surroundings (Stealth+).
Your rubbery body absorbs attacks. (AC +1, EV +1)
((You are camouflaged when in or above water. (Stealth+)))
You have tentacles for arms and can constrict up to eight enemies at once.


Message History

The kobold shouts!
The kobold throws a boomerang.
The boomerang hits you.
Casting: Sting (safe; 1% risk of failure)
Confirm with . or Enter, or press ? or * to list all spells.
Aiming: Sting (safe; 1% risk of failure)
Press: ? - help, Shift-Dir - straight line, f/p - orc knight
Aim: an orc knight, wielding a +0 war axe and wearing a +0 chain mail (almost dead, poisoned, 75% to hit)
The sting misses the orc knight.
Throw: 3 darts (atropa)
Press: ? - help, Shift-Dir - straight line, f/p - orc knight
Aim: an orc knight, wielding a +0 war axe and wearing a +0 chain mail (almost dead, 55% to hit, chance to blind on hit: 32%)
You throw an atropa-tipped dart.
The atropa-tipped dart hits the orc knight.
The orc knight resists.
The orc knight is almost dead.
The orc knight attacks as you move away!
The orc knight closely misses you.
Okay, then.
Aiming: Iceblast
Press: ? - help, Shift-Dir - straight line, p - orc knight
Okay, then.
Aiming: Throw Flame
Press: ? - help, Shift-Dir - straight line, f/p - orc knight
Aim: an orc knight, wielding a +0 war axe and wearing a +0 chain mail (almost dead, 64% to hit)
The puff of flame hits the orc knight.
The orc knight is almost dead.
The orc knight hits you with a +0 war axe!
* * * LOW HITPOINT WARNING * * *
Aiming: Sting (safe; 1% risk of failure)
Press: ? - help, Q - select action, (/) - cycle Shift-Dir - straight line, f/p - orc knight
Aim: an orc knight, wielding a +0 war axe and wearing a +0 chain mail (almost dead, 75% to hit)
The sting hits the orc knight but does no damage.
The orc knight is poisoned.
The orc knight is almost dead.
The orc knight hits you with a +0 war axe.
* * * LOW HITPOINT WARNING * * *
A kobold comes into view. x2
The orc knight attacks as you move away!
The orc knight hits you with a +0 war axe!
You die...

#...# ####...####
##≈.......≈##
#####≈≈.......≈≈###
#....≈≈.......≈≈...
#(###≈≈.(.....≈)###
#....≈≈.......≈≈...
#.###≈≈.......)≈###
#.Ko@≈≈.......≈≈..
#.###≈≈..(....≈)###
#....≈≈.......≈≈..
#.###≈≈.......≈≈##
#.. .≈≈....... ###
≈≈K.... #≈....K
###'''


You could see an orc knight (poisoned) and 3 kobolds.

Vanquished Creatures
  A two-headed ogre (D:9)
  An orc knight (Bailey)
  A hornet (D:8)
  A steam dragon (D:8)
  4 water moccasins
  An acid dragon (D:8)
  4 orc warriors
  A black bear (D:7)
  2 ogres
  A centaur (D:6)
  2 phantoms
  3 kobold brigands (Bailey)
  2 bullfrogs
  2 scorpions (D:5)
  2 necrophages
  A gnoll sergeant (D:9)
  6 killer bees (D:9)
  6 hounds
  3 orc priests
  3 gnoll shamans
  A jelly (D:7)
  Crazy Yiuf (D:6)
  5 iguanas
  3 orc wizards
  15 gnolls
  3 adders
  A shadow imp (D:6)
  5 white imps
  3 ufetubi
  3 worms
  2 dart slugs
  21 orcs
  3 bats
  9 endoplasms
  5 giant cockroaches
  6 goblins
  5 hobgoblins
  4 jackals (D:2)
  10 kobolds
  6 quokkas
  5 ball pythons
  6 rats
  A spectral orc (D:6)
170 creatures vanquished.

Vanquished Creatures (others)
  A fungus (D:6)
  16 plants (D:9)
17 creatures vanquished.

Grand Total: 187 creatures vanquished

Notes
Turn   | Place    | Note
-------+----------+-------------------------------------------
     0 | D:1      | bwicke the Octopode Venom Mage began the quest for the Orb.
     0 | D:1      | Reached XP level 1. HP: 11/11 MP: 3/3
   444 | D:1      | Reached XP level 2. HP: 17/17 MP: 3/5
  1262 | D:1      | Reached skill level 5 in Poison Magic
  1262 | D:1      | Reached XP level 3. HP: 16/21 MP: 6/6
  2316 | D:2      | Reached XP level 4. HP: 27/27 MP: 7/7
  2797 | D:3      | Found a white marble altar of Elyvilon.
  3121 | D:3      | Reached skill level 1 in Air Magic
  3346 | D:3      | Found Pyreorgh's Jewellery Shoppe.
  3534 | D:4      | Learned a level 3 spell: Mephitic Cloud
  3538 | D:4      | Learned a level 3 spell: Ignite Poison
  3586 | D:4      | Reached XP level 5. HP: 18/31 MP: 1/8
  3967 | D:4      | Found Fasaa's Antique Armour Shoppe.
  4732 | D:5      | Entered Level 5 of the Dungeon
  4738 | D:5      | Reached XP level 6. HP: 36/36 MP: 1/9
  5333 | D:5      | Learned a level 4 spell: Olgreb's Toxic Radiance
  5522 | D:5      | Reached XP level 7. HP: 29/41 MP: 2/13
  5807 | D:5      | Learned a level 3 spell: Spider Form
  5898 | D:5      | Reached skill level 5 in Spellcasting
  6404 | D:5      | Learned a level 3 spell: Ozocubu's Armour
  6441 | D:5      | HP: 2/41 [white imp/puff of frost (6)]
  6736 | D:6      | Reached XP level 8. HP: 23/46 MP: 5/16
  7734 | D:6      | Reached skill level 10 in Poison Magic
  7824 | D:6      | Found a blossoming altar of Fedhas.
  7878 | D:6      | Reached skill level 5 in Stealth
  8028 | D:6      | Found a runed translucent door.
  8029 | D:6      | Noticed Crazy Yiuf
  8131 | D:6      | Found a basalt altar of Yredelemnul.
  8211 | D:6      | Killed Crazy Yiuf
  8371 | D:7      | Found a staircase to the Ecumenical Temple.
  8383 | Temple   | Entered the Ecumenical Temple
  8456 | Temple   | Became a worshipper of Sif Muna the Loreminder
  8508 | D:7      | Reached XP level 9. HP: 51/51 MP: 9/17
  8610 | D:7      | Found a sparkling altar of Nemelex Xobeh.
  8849 | D:7      | Found Dec Ulak's Mass Market.
  8915 | D:7      | Found a runed translucent gate.
  8915 | D:7      | Found a runed translucent gate.
  8916 | D:7      | Found a runed translucent gate.
  8946 | D:7      | Noticed jlumianski's ghost (novice DsFi)
  9184 | D:7      | Found a glowing golden altar of the Shining One.
  9193 | D:7      | Found a snail-covered altar of Cheibriados.
  9332 | D:8      | Found an ornate altar of the Wu Jian Council.
  9788 | D:8      | Reached skill level 10 in Stealth
  9788 | D:8      | Reached skill level 1 in Fighting
  9806 | D:8      | Learned a level 2 spell: Poisonous Vapours
 10246 | D:8      | Noticed a hornet
 10251 | D:8      | Killed a hornet
 10251 | D:8      | Reached * piety under Sif Muna
 10434 | D:9      | Identified the +0 dagger of the Inferno {spect, Int+2}
 10449 | D:9      | Reached skill level 1 in Invocations
 10462 | D:9      | Found a flagged portal.
 10478 | D:9      | Found Baul's Armour Shop.
 10478 | D:9      | Found a staircase to the Orcish Mines.
 10507 | D:9      | Noticed a two-headed ogre
 10516 | D:9      | Killed a two-headed ogre
 10517 | D:9      | Reached skill level 5 in Invocations
 10517 | D:9      | Reached XP level 10. HP: 65/65 MP: 6/18
 10641 | Bailey   | Entered a bailey
 10830 | Bailey   | Noticed an orc knight
 10839 | Bailey   | Killed an orc knight
 10851 | Bailey   | Noticed an orc knight
 10861 | Bailey   | HP: 1/65 [orc knight/+0 war axe (3)]
 10885 | Bailey   | Slain by an orc knight

Illustrated notes

Levels and vault maps discovered:
D:1:      dpeg_arrival_connections, layout_basic, kennysheep_small_spiral,
          interstate_on_off, minmay_misc_feat_four_crosses
D:2:      layout_basic
D:3:      layout_rooms, mainiacjoe_overflow_brackets, serial_rivers,
          chequers_serial_rivers_micro_c, chequers_serial_rivers_micro_c,
          chequers_serial_rivers_small_b, chequers_serial_rivers_micro_e,
          chequers_serial_rivers_room_a, serial_shops, shop_statue
D:4:      layout_basic, kennysheep_small_square
D:5:      wad_pebble_path, layout_basic, serial_curves, eino_curves_01,
          eino_curves_01, eino_curves_03, eino_curves_02
D:6:      layout_cave_pools, yredelemnul_forgotten_temple_becter,
          fedhas_altar_4, uniq_crazy_yiuf_cottage
D:7:      layout_cave_pools, mainiacjoe_overflow_swirl,
          nemelex_dance_club_becter, minmay_temple_entry_gardened_gates,
          gammafunk_ghost_icy, minmay_shop_mass
D:8:      layout_loops_ring, overflow_temple_1_default
D:9:      layout_roguey, kennysheep_little_box, orc_david_3, enter_bailey_3,
          kennysheep_doodads, serial_bayou_lake_a
Temple:   cyrus_circular_temple
Bailey:   bailey_axe_3, bailey

Skill      XL: |  1  2  3  4  5  6  7  8  9 10 |
---------------+-------------------------------+-----
Poison Magic   | 4 5 6 7 8 10 | 10.0
Air Magic      | 2 |  2.0
Spellcasting   | 4 5 |  5.8
Stealth        | 6 10 | 10.0
Fighting       | 4 |  4.5
Invocations    | 5 7 |  7.8
Dodging        | |  2.0
Transmutations | |  1.0

Action                   |  1- 3 |  4- 6 |  7- 9 | 10-12 || total
-------------------------+-------+-------+-------+-------++-------
Melee: Spear             |    57 |    57 |     5 |       ||   119
       Unarmed           |     2 |       |    21 |       ||    23
       Constrict         |    10 |    15 |    15 |     1 ||    41
       Tentacles         |     5 |    15 |    25 |     1 ||    46
       Dagger            |       |    14 |    79 |    10 ||   103
       Punch             |       |     1 |     2 |       ||     3
 Fire: Hunting sling     |       |    56 |    51 |       ||   107
Throw: Stone             |     2 |       |       |       ||     2
       Dart              |       |       |       |     2 ||     2
 Cast: Sting             |    24 |    28 |    13 |     5 ||    70
       Mephitic Cloud    |       |    14 |    10 |     2 ||    26
       Ignite Poison     |       |     9 |    24 |     7 ||    40
       Olgreb's Toxic Ra |       |     2 |    14 |     3 ||    19
       Spider Form       |       |       |     3 |       ||     3
       Ozocubu's Armour  |       |       |     4 |       ||     4
       Poisonous Vapours |       |       |     1 |     2 ||     3
Evoke: Wand              |       |       |     5 |     1 ||     6
  Use: Scroll            |     1 |     5 |     8 |     1 ||    15
       Potion            |       |     2 |     5 |     2 ||     9
 Stab: Sleeping          |     5 |     4 |     6 |       ||    15
       Confused          |       |     2 |     2 |       ||     4
Armor: Skin              |     5 |     7 |     9 |       ||    21
Dodge: Dodged            |    32 |    62 |   111 |    12 ||   217

Table legend: (Time is in decaauts)
 A = Elapsed time spent in this place.
 B = Non-inter-level travel time spent in this place.
 C = Inter-level travel time spent in this place.
 D = Time resting spent in this place.
 E = Time spent auto-exploring this place.
 F = Levels seen in this place.
 G = Mean time per level.
                   A        B        C        D        E       F      G
               +--------+--------+--------+--------+--------+-----+--------+
         Total |  10939 |  10724 |    215 |   2285 |   6166 |  11 |  994.5 |
       Dungeon |  10580 |  10365 |    215 |   2119 |   6166 |   9 | 1175.6 |
        Temple |    114 |    114 |      0 |      0 |      0 |   1 |  114.0 |
        Bailey |    243 |    243 |      0 |    166 |      0 |   1 |  243.0 |
               +--------+--------+--------+--------+--------+-----+--------+

Top non-repeatable levels by time:
     D:5: 2116 daAuts
     D:1: 1687 daAuts
     D:4: 1327 daAuts
     D:6: 1293 daAuts
     D:8: 1097 daAuts
     D:2: 1085 daAuts
     D:7: 915 daAuts
     D:3: 845 daAuts
  Bailey: 243 daAuts
     D:9: 212 daAuts
  Temple: 114 daAuts
